 Dungeon Crawl Stone Soup version 0.30-a0-782-ge64f9170bb (webtiles) character file.

Game seed: 3929973147667931334

219 Leeroy the Insei (level 5, 0/33 HPs)
             Began as an Octopode Transmuter on Feb 22, 2023.
             Slain by a scorpion (7 damage)
             ... on level 4 of the Dungeon.
             The game lasted 00:02:26 (2563 turns).

Leeroy the Insei (Octopode Transmuter)              Turns: 2563, Time: 00:02:27

Health: 0/33       AC:  1    Str:  9    XL:     5   Next: 96%
Magic:  8/8        EV: 13    Int: 18    God:
Gold:   134        SH:  0    Dex: 12    Spells: 4/8 levels left

rFire   . . .      SeeInvis .      - Unarmed
rCold   . . .      Faith    +    (no shield)
rNeg    . . .      Spirit   .    (helmet restricted)
rPois   .          Reflect  .    b - amulet of faith
rElec   .          Harm     .    m - +4 ring of slaying
rCorr   .          Rampage  .    (no ring)
Will    .....                    (no ring)
Stlth   ++                       (no ring)
HPRegen 0.25/turn                (no ring)
MPRegen 0.11/turn                (no ring)
                                 (no ring)
                                 (no ring)

@: lethally poisoned (0 -> -4), about to teleport
A: almost no armour, amphibious, 8 rings, camouflage 1, gelatinous body 1,
(nimble swimmer 1), tentacles
a: no special abilities


You were on level 4 of the Dungeon.
You visited 1 branch of the dungeon, and saw 4 of its levels.

You collected 134 gold pieces.

Inventory:

Jewellery
 b - an amulet of faith (around mantle)
 m - a +4 ring of slaying (left tentacle)
 n - a ring of protection from fire
Scrolls
 d - a scroll of brand weapon {unknown}
 f - 3 scrolls of identify {unknown}
 g - 5 scrolls of teleportation
 k - 3 scrolls of enchant armour {unknown}
 l - a scroll of blinking {unknown}
Potions
 a - a potion of lignification
 c - a potion of berserk rage {unknown}
 e - 2 potions of degeneration {unknown}
 h - a potion of curing {unknown}
 i - a potion of might {unknown}
 j - a potion of mutation {unknown}


   Skills:
 - Level 1.0 Fighting
 - Level 2.0 Dodging
 - Level 5.0 Unarmed Combat
 - Level 2.0 Spellcasting
 + Level 4.4 Transmutations


You had 4 spell levels left.
You knew the following spells:

 Your Spells              Type           Power      Damage    Failure   Level
a - Beastly Appendage     Tmut           34%        N/A       3%          1
b - Spider Form           Tmut/Pois      9%         N/A       22%         3

Your spell library contained the following spells:

 Spells                   Type           Power      Damage    Failure   Level
 Wereblood                Tmut           17%        N/A       4%          2
 Sublimation of Blood     Necr           1%         N/A       26%         2
 Dazzling Flash           Conj/Hex       2%         N/A       47%         3
 Inner Flame              Hex/Fire       1%         N/A       47%         3
 Ice Form                 Ice/Tmut       9%         N/A       58%         4
 Petrify                  Tmut/Erth      9%         N/A       58%         4
 Cause Fear               Hex            0%         N/A       87%         4
 Iskenderun's Mystic Bla  Conj/Tloc      1%         2d3       87%         4
 Irradiate                Conj/Tmut      4%         3d13      90%         5
 Starburst                Conj/Fire      0%         6d3       100%        6
 Discord                  Hex            0%         N/A       100%        8


Dungeon Overview and Level Annotations

Branches:
Dungeon (4/15)
 Temple: D:4-7

Altars:
Trog

Annotations:
D:2 1 runed translucent door, Crazy Yiuf
D:4 Sigmund


Innate Abilities, Weirdness & Mutations

You cannot wear most types of armour.
You are amphibious.
You can wear up to eight rings at the same time.
Your skin changes colour to match your surroundings (Stealth+).
Your rubbery body absorbs attacks. (AC +1, EV +1)
((You are camouflaged when in or above water. (Stealth+)))
You have tentacles for arms and can constrict up to eight enemies at once.


Message History

The orc wizard flickers and vanishes!
Deactivating autopickup; reactivate with Ctrl-A.
You barely miss something. You tentacle-slap something!
You constrict something. Something hits you.
Sigmund the Dreaded comes into view.
He is wielding a +1 scythe of venom.
Sigmund shouts!
You tentacle-slap something but do no damage.
You constrict something.
You hear a shout!
A scorpion comes into view.
You tentacle-slap something.
Reactivating autopickup.
You feel a bit more experienced.
An orc comes into view. It is wielding a +0 mace.
The orc shouts!
You tentacle-slap the kobold.
You kill the kobold!
Items here: )) [ †.
The scorpion stings you!
A giant cockroach comes into view.
You completely miss the scorpion. You grab the scorpion.
You squeeze the scorpion.
The scorpion is moderately wounded.
You constrict the scorpion, but do no damage.
The scorpion misses you.
Sigmund hits you from afar with a +1 scythe of venom!
The scorpion barely misses you.
You release your grip on the scorpion.
Sigmund hits you from afar with a +1 scythe of venom.
You are poisoned.
Items here: )) [ †.
The scorpion attacks as you move away! The scorpion closely misses you.
* * * LOW HITPOINT WARNING * * *
You feel very sick.
You feel sick.
Okay, then.
As you read the scroll labelled ZUORID VAMON, it crumbles to dust.
You feel strangely unstable.
It was a scroll of teleportation.
You feel sick. The scorpion stings you!
You die...

.........†.....#
..##.....†#.....#
..#########.....#
#...).........#
#....†........#
#.............#
#.............#
#.............# .
#............@######....
#....#+######.s)B.......
#..†.#......+.o.@.......
#....#......#...........
#....#......#...........
#....'......#...........
#....#..##..#...........
......######
############ ......#


You could see Sigmund, a scorpion, an orc and a giant cockroach.

Vanquished Creatures
  A scorpion (D:4)
  An iguana (D:4)
  An orc wizard (D:4)
  4 adders
  2 worms (D:2)
  A dart slug (D:2)
  An orc (D:4)
  4 endoplasms (D:1)
  4 giant cockroaches
  5 goblins
  8 hobgoblins
  3 jackals (D:4)
  8 kobolds
  4 quokkas
  8 ball pythons
  5 bats
  5 frilled lizards
  A rat (D:3)
66 creatures vanquished.

Notes
Turn   | Place    | Note
-------+----------+-------------------------------------------
     0 | D:1      | Leeroy the Octopode Transmuter began the quest for the Orb.
     0 | D:1      | Reached XP level 1. HP: 13/13 MP: 3/3
    93 | D:1      | Reached XP level 2. HP: 17/18 MP: 5/5
   338 | D:1      | Reached skill level 4 in Unarmed Combat
   394 | D:1      | Reached XP level 3. HP: 17/23 MP: 6/6
  1024 | D:2      | Reached XP level 4. HP: 26/28 MP: 7/7
  1174 | D:2      | Found a runed translucent door.
  1175 | D:2      | Noticed Crazy Yiuf
  1242 | D:2      | Reached skill level 5 in Unarmed Combat
  1339 | D:2      | Learned a level 3 spell: Spider Form
  1487 | D:2      | Found a bloodstained altar of Trog.
  2174 | D:4      | Reached XP level 5. HP: 8/33 MP: 8/8
  2528 | D:4      | Noticed an ogre
  2553 | D:4      | Noticed Sigmund
  2563 | D:4      | Slain by a scorpion

Illustrated notes

Levels and vault maps discovered:
D:1:      dpeg_arrival_long_road, layout_basic
D:2:      layout_loops_ring, basic_altar, uniq_crazy_yiuf_cottage
D:3:      layout_loops_ring
D:4:      layout_gridville, uniq_sigmund, uniq_blork_the_orc

Skill      XL: |  1  2  3  4  5 |
---------------+----------------+-----
Unarmed Combat | 4 5 |  5.0
Transmutations | 3 4 |  4.4
Fighting       | |  1.0
Dodging        | |  2.0
Spellcasting   | |  2.0

Action                     |  1- 3 |  4- 6 || total
---------------------------+-------+-------++-------
  Melee: Unarmed           |    91 |    59 ||   150
         Constrict         |    23 |    14 ||    37
         Tentacles         |    26 |     7 ||    33
         Punch             |     5 |     3 ||     8
    Use: Scroll            |       |     1 ||     1
   Stab: Sleeping          |     7 |     6 ||    13
 Armour: Skin              |     5 |     4 ||     9
  Dodge: Dodged            |    52 |    46 ||    98

Table legend: (Time is in decaauts)
 A = Elapsed time spent in this place.
 B = Non-inter-level travel time spent in this place.
 C = Inter-level travel time spent in this place.
 D = Time resting spent in this place.
 E = Time spent auto-exploring this place.
 F = Levels seen in this place.
 G = Mean time per level.
                   A        B        C        D        E       F      G
               +--------+--------+--------+--------+--------+-----+--------+
         Total |   2549 |   2458 |     91 |    199 |   1848 |   4 |  637.2 |
       Dungeon |   2549 |   2458 |     91 |    199 |   1848 |   4 |  637.2 |
               +--------+--------+--------+--------+--------+-----+--------+

Top non-repeatable levels by time:
     D:2: 875 daAuts
     D:1: 737 daAuts
     D:3: 537 daAuts
     D:4: 398 daAuts
